 Dungeon Crawl Stone Soup version 0.23-a0-359-g9beedce (webtiles) character file.

212 Ijustatesigmund the Conjurer (level 5, -2/31 HPs)
             Began as an Octopode Conjurer on Oct 23, 2018.
             Slain by a shadow imp (3 damage)
             ... summoned by Natasha
             ... on level 3 of the Dungeon.
             The game lasted 00:08:11 (3531 turns).

Ijustatesigmund the Conjurer (Octopode Conjurer)    Turns: 3531, Time: 00:08:12

Health: -2/31      AC:  1    Str:  8    XL:     5   Next: 90%
Magic:  8/8        EV: 13    Int: 17    God:
Gold:   110        SH:  0    Dex: 13    Spells: 2/8 levels left

rFire    . . .     SeeInvis .   a - +4 spear (pain)
rCold    . . .     Gourm    .   (no shield)
rNeg     . . .     Faith    .   (helmet restricted)
rPois    .         Spirit   .   (no amulet)
rElec    .         Reflect  .   e - ring of stealth
rCorr    .         Harm     .   (no ring)
MR       .....                  (no ring)
Stlth    ++++......             (no ring)
HPRegen  0.10/turn              (no ring)
MPRegen  0.11/turn              (no ring)
                                (no ring)
                                (no ring)

@: no status effects
A: almost no armour, stealthy swim, amphibious, 8 rings, constrict 8, camouflage
1, gelatinous body 1
a: no special abilities


You were on level 3 of the Dungeon.
You were not hungry.

You visited 1 branch of the dungeon, and saw 3 of its levels.

You collected 110 gold pieces.

Inventory:

Hand Weapons
 a - a +4 spear of pain (weapon)
Jewellery
 e - a ring of stealth (left tentacle)
Scrolls
 c - 2 scrolls of remove curse
 d - 2 scrolls of teleportation
 g - a scroll of identify {unknown}
 i - a scroll of immolation
Potions
 f - a potion of degeneration {unknown}
 h - a potion of mutation {unknown}
 j - 3 potions of flight {unknown}
 k - a potion of curing
 m - a potion of heal wounds {unknown}
Comestibles
 b - 5 rations


   Skills:
 - Level 2.1 Polearms
 - Level 2.0 Dodging
 - Level 2.6 Stealth
 - Level 2.0 Spellcasting
 - Level 5.2 Conjurations
 + Level 3.5 Hexes


You had 2 spell levels left.
You knew the following spells:

 Your Spells              Type           Power        Failure   Level  Hunger
a - Magic Dart            Conj           ###.         2%          1    #......
b - Searing Ray           Conj           ###...       3%          2    ###....
c - Dazzling Spray        Conj/Hex       ###...       10%         3    ###....

Your spell library contained the following spells:

 Spells                   Type           Power        Failure   Level  Hunger
 Iskenderun's Mystic Bla  Conj           ###.....     22%         4    #####..
 Fulminant Prism          Conj/Hex       ###.......   32%         4    #####..
 Force Lance              Conj/Tloc      ##......     54%         4    #####..


Dungeon Overview and Level Annotations

Branches:
Dungeon (3/15)

Altars:

Annotations:
D:3 Natasha


Innate Abilities, Weirdness & Mutations

You cannot wear most types of armour.
You are very stealthy in the water. (Stealth+)
You are amphibious.
You can wear up to eight rings at the same time.
You can use your tentacles to constrict eight enemies at once.
Your skin changes colour to match your surroundings (Stealth+).
Your rubbery body absorbs attacks. (AC +1, EV +1)


Message History

Natasha claws you! The shadow imp hits you.
The crimson imp hits you but does no damage.
You are too injured to fight recklessly!
You are too injured to fight recklessly!
You are too injured to fight recklessly!
You are too injured to fight recklessly!
You are too injured to fight recklessly!
You are too injured to fight recklessly!
You are too injured to fight recklessly!
You are too injured to fight recklessly!
You are too injured to fight recklessly!
You are too injured to fight recklessly!
Unknown command.
You hit Natasha. Your grab misses Natasha.
Natasha is moderately wounded.
Natasha stares at you and mumbles some strange words.
The magic dart hits you!
* * * LOW HITPOINT WARNING * * *
The shadow imp hits you.
You die...

..#.#.#.#.#######..#....###.#.###
..........# #.##..#.# #.#....
#.#)#.#.[.#######....÷#.# #.####.
.....)...............).>###.####)
#.#(#.#........#.###.............
..#)#...#......#.# ########.#####
###.##.........#.# #.......<..
##'##.....##....#######.........
#..........+..5@5...# #.......##
#..........#..h.###.# #)#####.##
##......#........# #.# #.# #.##
........#..#.###.# #.# #.# #.##
#########..#...#.# #.###.# #.##
...........#...#.# #...#.#####.##
..#######........# #.....÷.....##
..# #..........###...#.......#
### #.####.......'...#...(...#


You could see Natasha, a crimson imp and a shadow imp.

Vanquished Creatures
  Natasha (twice) (D:3)
  An orc wizard (D:3)
  5 adders
  An ooze (D:2)
  2 worms (D:3)
  4 dart slugs
  4 leopard geckos
  4 orcs (D:3)
  2 ball pythons (D:3)
  A giant cockroach (D:2)
  10 goblins
  5 hobgoblins
  3 jackals (D:1)
  8 kobolds
  A quokka (D:2)
  7 bats
  3 frilled lizards
  8 rats
  A bush (D:1)
72 creatures vanquished.

Notes
Turn   | Place    | Note
-------+----------+-------------------------------------------
     0 | D:1      | Ijustatesigmund the Octopode Conjurer began the quest for
                  | the Orb.
     0 | D:1      | Reached XP level 1. HP: 11/11 MP: 3/3
   260 | D:1      | Reached XP level 2. HP: 8/17 MP: 3/5
   455 | D:1      | Learned a level 2 spell: Searing Ray
   890 | D:1      | Reached XP level 3. HP: 21/21 MP: 4/6
   895 | D:1      | Learned a level 3 spell: Dazzling Spray
  1359 | D:2      | Reached skill level 5 in Conjurations
  1508 | D:2      | Reached skill level 1 in Hexes
  1513 | D:2      | HP: 1/21 [hobgoblin (5)]
  1522 | D:2      | Reached XP level 4. HP: 6/27 MP: 1/7
  2481 | D:3      | Noticed Natasha
  2492 | D:3      | Killed Natasha
  2492 | D:3      | Reached skill level 1 in Polearms
  2717 | D:3      | Reached XP level 5. HP: 24/31 MP: 5/8
  2881 | D:3      | Noticed Natasha
  2888 | D:3      | Killed Natasha
  2910 | D:3      | Noticed Natasha
  3531 | D:3      | HP: 1/31 [Natasha/magic dart (11)]
  3531 | D:3      | Slain by a shadow imp

Vault maps used:
D:1:      roderic_crossed_star, serial_forest, infiniplex_forest_lined_room_2,
          infiniplex_forest_diagonal, infiniplex_forest_clump_large,
          infiniplex_forest_side_room, infiniplex_forest_end_2,
          infiniplex_forest_zigzag_2, infiniplex_forest_straight_2,
          infiniplex_forest_corner_1
D:3:      first_ration, saegor_snake_ambush, uniq_natasha

Skill      XL: |  1  2  3  4  5 |
---------------+----------------+-----
Conjurations   | 5 |  5.2
Hexes          | 1 2 3 |  3.5
Polearms       | 1 2 |  2.1
Dodging        | |  2.0
Stealth        | |  2.6
Spellcasting   | |  2.0

Action                   |  1- 3 |  4- 6 || total
-------------------------+-------+-------++-------
Melee: Spear             |   174 |    82 ||   256
       Constrict         |     8 |    15 ||    23
       Tentacles         |    38 |    13 ||    51
 Cast: Magic Dart        |    31 |    14 ||    45
       Searing Ray       |       |     2 ||     2
  Use: Scroll            |     3 |     4 ||     7
       Potion            |     2 |       ||     2
 Stab: Sleeping          |     2 |    10 ||    12
       Distracted        |       |     1 ||     1
  Eat: Ration            |     1 |       ||     1
       Chunk             |       |     6 ||     6
Armor: Skin              |     1 |     7 ||     8
Dodge: Dodged            |    18 |    26 ||    44

Table legend:
 A = Non-vault XP
 B = Vault XP
 C = Vault XP percentage of total XP
 D = Non-vault monster count
 E = Vault monster count
 F = Vault count percentage of total count
                 A         B        C        D         E       F
            +---------+---------+-------+---------+---------+-------
      Total |     266 |      38 |  12.5 |      68 |       3 |   4.2
            +---------+---------+-------+---------+---------+-------
        D:1 |      38 |       0 |   0.0 |      21 |       0 |   0.0
        D:2 |      76 |       0 |   0.0 |      24 |       0 |   0.0
        D:3 |     152 |      38 |  20.0 |      23 |       3 |  11.5
            +---------+---------+-------+---------+---------+-------
